[Event "K11"]
[Site "?"]
[Date "2021.08.02"]
[Round "3"]
[White "Thomasson, Staffan"]
[Black "Becvar, Pavel"]
[Result "1/2-1/2"]
[ECO "A25"]
[WhiteElo "1881"]
[BlackElo "1679"]
[Annotator ",martin-koller@seznam"]
[PlyCount "106"]
[TimeControl "240+2"]

{600MB, Fritz10.ctg} 1. c4 e5 2. g3 Nf6 3. Bg2 Nc6 4. e3 Be7 5. Nc3 Bb4 6. Nge2
O-O 7. a3 Bxc3 8. Nxc3 d6 9. O-O Bd7 10. b4 Rb8 11. d4 exd4 12. exd4 Ne7 13.
Bg5 Ng6 14. Nd5 Re8 15. Qc2 c6 16. Nxf6+ gxf6 17. Be3 Qc8 18. Rfe1 Bh3 19. Bd2
Bxg2 20. Rxe8+ Qxe8 21. Kxg2 Qe2 22. Re1 Qg4 23. Qe4 Nh4+ 24. Kh1 Qf3+ 25. Qxf3
Nxf3 26. Rd1 Nxd2 27. Rxd2 Re8 28. Kg2 Re1 29. d5 cxd5 30. Rxd5 Re6 31. Kf3 Kg7
32. h4 Kg6 33. Ra5 a6 34. b5 axb5 35. Rxb5 Re7 36. Rb6 Rc7 37. Rb4 Kf5 38. Ke3
Ke5 39. Kd3 f5 40. Rb5+ Ke6 41. Kd4 f6 42. a4 h5 43. a5 Rd7 44. Rb2 Rc7 45. Rb5
Rd7 46. c5 d5 47. Rb6+ Ke7 48. f4 Kf7 49. Rd6 Rxd6 50. cxd6 Ke6 51. d7 Kxd7 52.
Kxd5 Ke7 53. Kc5 Kd7 1/2-1/2

[Event "M11"]
[Site "?"]
[Date "2021.08.03"]
[Round "4"]
[White "Hansch, Karsten"]
[Black "Hansch, Torsten"]
[Result "1-0"]
[ECO "D61"]
[WhiteElo "2300"]
[BlackElo "2096"]
[Annotator ",martin-koller@seznam"]
[PlyCount "47"]
[TimeControl "240+2"]

{600MB, Fritz10.ctg} 1. c4 e6 2. Nc3 d5 3. d4 Be7 4. Nf3 Nf6 5. Bg5 O-O 6. e3
Nbd7 7. Qc2 c6 8. cxd5 exd5 9. Bd3 a6 10. g4 Nxg4 11. Bxh7+ Kh8 12. Bf4 g6 13.
Bxg6 fxg6 14. Qxg6 Ngf6 15. Ng5 Qe8 16. Qh6+ Kg8 17. Rg1 Qh5 18. Ne6+ Kf7 19.
Nc7 Qxh6 20. Bxh6 Rg8 21. Rxg8 Nxg8 22. Nxa8 Nxh6 23. Nxd5 cxd5 24. Rc1 1-0

[Event "M11"]
[Site "?"]
[Date "2021.08.03"]
[Round "4"]
[White "Vesely, Jaromir"]
[Black "Hurtak, Otto"]
[Result "0-1"]
[ECO "D40"]
[WhiteElo "1947"]
[BlackElo "2033"]
[Annotator ",martin-koller@seznam"]
[PlyCount "63"]
[TimeControl "240+2"]

{600MB, Fritz10.ctg} 1. d4 d5 2. c4 e6 3. Nc3 c5 4. e3 Nf6 5. Nf3 Nc6 6. a3 Ne4
7. Bd3 Nxc3 8. bxc3 dxc4 9. Bxc4 Bd6 10. O-O O-O 11. e4 b6 12. Bd3 Bb7 13. Qc2
cxd4 14. cxd4 Rc8 15. Qe2 e5 16. dxe5 Nxe5 17. Nxe5 Bxe5 18. Ra2 Qc7 19. f4
Bd4+ 20. Be3 Qc5 21. Re1 Rfd8 22. Bc2 Bxe3+ 23. Qxe3 Kf8 24. Qxc5+ Rxc5 25. Re2
Ba6 26. Rf2 Rc3 27. g4 Ke7 28. e5 Rd4 29. h4 Bc4 30. Ra1 Rg3+ 31. Rg2 Rxg2+ 32.
Kxg2 0-1

[Event "M11"]
[Site "?"]
[Date "2021.08.03"]
[Round "4"]
[White "Hentzgen, Thomas"]
[Black "Prieb, Robert"]
[Result "1/2-1/2"]
[ECO "A06"]
[WhiteElo "2024"]
[BlackElo "2040"]
[Annotator ",martin-koller@seznam"]
[PlyCount "49"]
[TimeControl "240+2"]

{600MB, Fritz10.ctg} 1. Nf3 Nf6 2. b3 d5 3. Bb2 Bg4 4. e3 Nbd7 5. d4 e6 6. h3
Bh5 7. Be2 Bd6 8. Nbd2 O-O 9. O-O c6 10. Ne5 Bxe2 11. Qxe2 Ne4 12. Nxe4 dxe4
13. Nc4 Bc7 14. Ba3 Re8 15. Nd6 Bxd6 16. Bxd6 f5 17. a4 Nf6 18. Bf4 Nd5 19. Be5
a5 20. c4 Nf6 21. Bxf6 Qxf6 22. Rad1 Red8 23. Rd2 Rd6 24. Rfd1 Rad8 25. g3
1/2-1/2

[Event "M11"]
[Site "?"]
[Date "2021.08.03"]
[Round "4"]
[White "Hanl, Frantisek"]
[Black "Wust, Klaus"]
[Result "1-0"]
[ECO "C27"]
[WhiteElo "2155"]
[BlackElo "1999"]
[Annotator ",martin-koller@seznam"]
[PlyCount "75"]
[TimeControl "240+2"]

{600MB, Fritz10.ctg} 1. e4 e5 2. Nc3 Bc5 3. Bc4 Nf6 4. d3 c6 5. Bg5 d6 6. Qd2
b5 7. Bb3 a5 8. a4 b4 9. Nce2 Be6 10. Bxe6 fxe6 11. Nf3 O-O 12. Ng3 Nbd7 13. d4
exd4 14. Nxd4 Bxd4 15. Qxd4 Qb6 16. Qxd6 Qxf2+ 17. Kxf2 Nxe4+ 18. Ke2 Nxd6 19.
Rad1 Nf7 20. Be7 Nb6 21. Bxf8 Kxf8 22. Rhf1 Ke7 23. b3 Nd5 24. Ne4 Nd6 25. Nxd6
Nc3+ 26. Ke3 Nxd1+ 27. Rxd1 Rd8 28. Nf5+ exf5 29. Rxd8 Kxd8 30. Kd4 Kd7 31. Ke5
f4 32. Kxf4 Ke6 33. Ke4 Kd6 34. Kd4 g6 35. h4 h6 36. Kc4 h5 37. Kd4 Kd7 38. Kc5
1-0

[Event "M11"]
[Site "?"]
[Date "2021.08.03"]
[Round "4"]
[White "Hansch, Stephan"]
[Black "Hartwig, Maik"]
[Result "1-0"]
[ECO "A42"]
[WhiteElo "2149"]
[BlackElo "2099"]
[Annotator ",martin-koller@seznam"]
[PlyCount "93"]
[TimeControl "240+2"]

{600MB, Fritz10.ctg} 1. d4 g6 2. e4 Bg7 3. c4 d6 4. Nc3 Nc6 5. d5 Nd4 6. Nge2
c5 7. Be3 Qb6 8. Na4 Qa5+ 9. Bd2 Qd8 10. Bc3 Bg4 11. f3 Bxf3 12. gxf3 Nxf3+ 13.
Kf2 Ne5 14. Ng3 h5 15. Be2 h4 16. Nf1 e6 17. Bxe5 Bxe5 18. Ke3 Qg5+ 19. Kd3
exd5 20. cxd5 Nf6 21. Nc3 O-O 22. Nd2 Bd4 23. Kc2 Bxc3 24. bxc3 Rfe8 25. Bf3 b5
26. Qf1 Rab8 27. Rb1 a6 28. Qg2 Qe5 29. Rhg1 b4 30. Rb3 bxc3 31. Rxc3 Rb7 32.
Nc4 Qf4 33. Qd2 Qxd2+ 34. Nxd2 Rb4 35. Rb1 Rxb1 36. Kxb1 Rb8+ 37. Rb3 Rxb3+ 38.
axb3 Kf8 39. Nc4 Ke7 40. Kc2 Ne8 41. Kd3 f6 42. Bg4 Nc7 43. Ke3 f5 44. Bf3 Nb5
45. exf5 Nd4 46. fxg6 Nxb3 47. Nxd6 1-0

[Event "K11"]
[Site "?"]
[Date "2021.08.03"]
[Round "4"]
[White "Reichmann, Steffen"]
[Black "Thomasson, Staffan"]
[Result "1-0"]
[ECO "B06"]
[WhiteElo "1957"]
[BlackElo "1881"]
[Annotator ",martin-koller@seznam"]
[PlyCount "51"]
[TimeControl "240+2"]

{600MB, Fritz10.ctg} 1. e4 g6 2. h4 d5 3. exd5 Nf6 4. Bb5+ Bd7 5. Bc4 b5 6. Bb3
a5 7. a3 a4 8. Ba2 Bg4 9. f3 Bc8 10. Nc3 Ba6 11. Nge2 c6 12. dxc6 Nxc6 13. d4
Bg7 14. Be3 b4 15. axb4 Nxb4 16. O-O Rc8 17. Qd2 Nh5 18. Rfe1 O-O 19. Bb1 e5
20. Rxa4 Qxh4 21. Bg5 exd4 22. Bxh4 dxc3 23. Nxc3 Rc4 24. Be7 Re8 25. Re4 Rxe7
26. Qd8+ 1-0

[Event "K11"]
[Site "?"]
[Date "2021.08.03"]
[Round "4"]
[White "Hozda, Max"]
[Black "Hapke, Ralf"]
[Result "1-0"]
[ECO "A58"]
[WhiteElo "1701"]
[BlackElo "1809"]
[Annotator ",martin-koller@seznam"]
[PlyCount "55"]
[TimeControl "240+2"]

{600MB, Fritz10.ctg} 1. d4 c5 2. d5 Nf6 3. c4 b5 4. cxb5 a6 5. bxa6 g6 6. Nc3
Bxa6 7. e4 Bxf1 8. Kxf1 Bg7 9. g3 O-O 10. Kg2 Qb6 11. Qe2 Qb7 12. Nf3 d6 13. a4
Nfd7 14. Ra3 Na6 15. Nb5 Nb6 16. b3 f5 17. Rd1 fxe4 18. Qxe4 Nb4 19. Ng5 N6xd5
20. Kg1 e5 21. Ne6 Qf7 22. Nxf8 Rxf8 23. Rf1 Nf6 24. Qc4 d5 25. Qxc5 Ne4 26.
Qxb4 Nxf2 27. Qe1 e4 28. Rxf2 1-0

[Event "K11"]
[Site "?"]
[Date "2021.08.03"]
[Round "4"]
[White "Schimmer, Michael"]
[Black "Schoenmakers, Nico"]
[Result "1/2-1/2"]
[ECO "B81"]
[WhiteElo "1798"]
[BlackElo "1822"]
[Annotator ",martin-koller@seznam"]
[PlyCount "57"]
[TimeControl "240+2"]

{600MB, Fritz10.ctg} 1. e4 c5 2. Nf3 d6 3. d4 cxd4 4. Nxd4 Nf6 5. Nc3 a6 6. h3
e6 7. g4 Be7 8. Bg2 O-O 9. g5 Nfd7 10. h4 Nc6 11. Be3 Nxd4 12. Bxd4 e5 13. Be3
Nb6 14. Qe2 Be6 15. f4 exf4 16. Bxf4 Nc4 17. Nd1 Rc8 18. b3 Qa5+ 19. Kf1 Ne5
20. Bh3 Ng6 21. Bg3 Bxh3+ 22. Rxh3 f5 23. Nf2 f4 24. Bh2 Ne5 25. c4 b5 26. Rc1
bxc4 27. bxc4 f3 28. Qc2 Kh8 29. Bxe5 1/2-1/2

[Event "K11"]
[Site "?"]
[Date "2021.08.03"]
[Round "4"]
[White "Becvar, Pavel"]
[Black "Gubin, Michal"]
[Result "1-0"]
[ECO "B22"]
[WhiteElo "1679"]
[BlackElo "1847"]
[Annotator ",martin-koller@seznam"]
[PlyCount "99"]
[TimeControl "240+2"]

{600MB, Fritz10.ctg} 1. e4 c5 2. c3 e6 3. d4 d5 4. Bb5+ Nc6 5. dxc5 Bxc5 6.
exd5 exd5 7. Nf3 Nf6 8. O-O h6 9. Nd4 Bxd4 10. Re1+ Be6 11. Qxd4 O-O 12. Bxc6
bxc6 13. Re3 Re8 14. Rg3 Bf5 15. Be3 c5 16. Qf4 Bg6 17. Qh4 d4 18. cxd4 cxd4
19. Bd2 Qc7 20. Na3 Rac8 21. h3 Re4 22. f4 Qb6 23. Rb3 Qa6 24. Qg3 Nh5 25. Qg4
Rce8 26. Rc1 Qd6 27. Nc4 Qd5 28. Qf3 Rc8 29. f5 Qxf5 30. Qxf5 Bxf5 31. Rf3 Be6
32. b3 Nf6 33. Bxh6 gxh6 34. Rxf6 d3 35. Rff1 Bxc4 36. bxc4 Rcxc4 37. Rxc4 Rxc4
38. Rd1 Rc2 39. Rxd3 Rxa2 40. Rd8+ Kg7 41. Kh2 a5 42. Kg3 Ra3+ 43. Kh2 Rb3 44.
Ra8 Rb5 45. Kg3 Rb3+ 46. Kh2 Rb5 47. Kg3 h5 48. Ra6 f6 49. Ra7+ Kg6 50. Ra6 neèitelné 1-0

[Event "M11"]
[Site "?"]
[Date "2021.08.03"]
[Round "5"]
[White "Hansch, Torsten"]
[Black "Hansch, Stephan"]
[Result "0-1"]
[ECO "D45"]
[WhiteElo "2096"]
[BlackElo "2149"]
[Annotator ",martin-koller@seznam"]
[PlyCount "38"]
[TimeControl "240+2"]

{600MB, Fritz10.ctg} 1. d4 d5 2. c4 e6 3. Nf3 Nf6 4. Nc3 c6 5. e3 Nbd7 6. Qc2
Bd6 7. b3 O-O 8. Be2 e5 9. cxd5 Nxd5 10. Nxd5 cxd5 11. dxe5 Nxe5 12. O-O Nxf3+
13. Bxf3 Qh4 14. h3 Bxh3 15. Rd1 Bh2+ 16. Kf1 Qf6 17. Bxd5 Bf5 18. e4 Bg4 19.
Be3 Be5 0-1

[Event "M11"]
[Site "?"]
[Date "2021.08.03"]
[Round "5"]
[White "Prieb, Robert"]
[Black "Hansch, Karsten"]
[Result "0-1"]
[ECO "D37"]
[WhiteElo "2040"]
[BlackElo "2300"]
[Annotator ",martin-koller@seznam"]
[PlyCount "70"]
[TimeControl "240+2"]

{600MB, Fritz10.ctg} 1. d4 d5 2. c4 e6 3. Nc3 Be7 4. Nf3 Nf6 5. Bf4 O-O 6. e3
Nbd7 7. c5 c6 8. Bd3 b6 9. b4 a5 10. a3 Ba6 11. Bxa6 Rxa6 12. b5 cxb5 13. c6
Qc8 14. c7 b4 15. Nb5 a4 16. axb4 Bxb4+ 17. Kf1 a3 18. Qb3 Be7 19. Ke2 Ra5 20.
Rhb1 Ne4 21. Ke1 Qa6 22. Nd2 Ndc5 23. dxc5 Nxc5 24. Qc2 Rxb5 25. Rxa3 Rxb1+ 26.
Nxb1 Qb7 27. Qa2 f6 28. Ra7 Qc6 29. Qc2 Rc8 30. Bg3 Bd6 31. Bxd6 Qxd6 32. Nc3
Qc6 33. Na4 Rxc7 34. Rxc7 Qxc7 35. Nxc5 bxc5 0-1

[Event "M11"]
[Site "?"]
[Date "2021.08.03"]
[Round "5"]
[White "Wust, Klaus"]
[Black "Vesely, Jaromir"]
[Result "1/2-1/2"]
[ECO "C10"]
[WhiteElo "1999"]
[BlackElo "1947"]
[Annotator ",martin-koller@seznam"]
[PlyCount "82"]
[TimeControl "240+2"]

{600MB, Fritz10.ctg} 1. e4 e6 2. d4 d5 3. Nc3 f5 4. exf5 exf5 5. Nf3 Nf6 6. Bd3
c6 7. O-O Bd6 8. Ne2 O-O 9. c4 Be6 10. c5 Bc7 11. Bf4 Nbd7 12. Bxc7 Qxc7 13.
Qc2 Ne4 14. Nd2 Rf6 15. f3 Rh6 16. g3 Nxd2 17. Qxd2 Rf8 18. Rae1 Rhf6 19. b4
Bf7 20. a4 h6 21. b5 g5 22. f4 g4 23. Rb1 h5 24. b6 axb6 25. cxb6 Qb8 26. Rfc1
h4 27. a5 Kg7 28. Kg2 Rh8 29. Rh1 Be6 30. Qc2 Qf8 31. Rbe1 Rfh6 32. gxh4 Rxh4
33. Ng3 Qd6 34. Ref1 Nf6 35. Bxf5 Nh5 36. Nxh5+ R8xh5 37. Bd3 g3 38. hxg3 Bh3+
39. Kf3 Bg4+ 40. Kg2 Bh3+ 41. Kf3 Bg4+ 1/2-1/2

[Event "K11"]
[Site "?"]
[Date "2021.08.03"]
[Round "5"]
[White "Hapke, Ralf"]
[Black "Schimmer, Michael"]
[Result "1-0"]
[ECO "B23"]
[WhiteElo "1809"]
[BlackElo "1798"]
[Annotator ",martin-koller@seznam"]
[PlyCount "53"]
[TimeControl "240+2"]

{600MB, Fritz10.ctg} 1. e4 c5 2. Nc3 Nc6 3. Bb5 g6 4. Bxc6 bxc6 5. f4 Bg7 6.
Nf3 Nf6 7. d3 O-O 8. O-O Rb8 9. Qe1 d6 10. Qh4 c4 11. f5 cxd3 12. cxd3 Ba6 13.
fxg6 hxg6 14. Ng5 Re8 15. Rf3 Qb6+ 16. Kh1 Qd4 17. Ne2 Qc5 18. Be3 Qc2 19. Nd4
Qxb2 20. Rg1 Qxa2 21. Nxc6 Rb7 22. e5 dxe5 23. Nxe5 Rb1 24. Rgf1 Qd5 25. Rxf6
Qxe5 26. Qh7+ Kf8 27. Rxf7# 1-0

[Event "M11"]
[Site "?"]
[Date "2021.08.03"]
[Round "5"]
[White "Hurtak, Otto"]
[Black "Henztgen, Thomas"]
[Result "0-1"]
[ECO "B21"]
[WhiteElo "2033"]
[BlackElo "2024"]
[Annotator ",martin-koller@seznam"]
[PlyCount "78"]
[TimeControl "240+2"]

{600MB, Fritz10.ctg} 1. e4 c5 2. d4 cxd4 3. c3 dxc3 4. Nxc3 Nc6 5. Nf3 a6 6.
Bc4 e6 7. O-O b5 8. Bb3 d6 9. Qe2 Nf6 10. Rd1 Nd7 11. Bf4 Qc7 12. Rac1 Bb7 13.
Qd2 Rd8 14. Bxd6 Bxd6 15. Qxd6 Qxd6 16. Rxd6 Ke7 17. Rcd1 Nde5 18. Nxe5 Nxe5
19. Rb6 Rxd1+ 20. Bxd1 Bc8 21. Be2 Kd7 22. a4 Kc7 23. a5 Nd7 24. Bxb5 Nxb6 25.
axb6+ Kxb6 26. Bc4 Rd8 27. Kf1 Bd7 28. Ke1 Bb5 29. Bb3 Kc5 30. g3 Rd4 31. Bc2
Rb4 32. b3 Rd4 33. e5 Bd3 34. Bd1 Kb4 35. Na2+ Ka3 36. Nc3 Kb2 37. Na4+ Kc1 38.
Nc5 Rd5 39. b4 Rxe5+ 0-1

[Event "M11"]
[Site "?"]
[Date "2021.08.03"]
[Round "5"]
[White "Hartwig, Maik"]
[Black "Hanl, Frantisek"]
[Result "1/2-1/2"]
[ECO "A01"]
[WhiteElo "2099"]
[BlackElo "2155"]
[Annotator ",martin-koller@seznam"]
[PlyCount "49"]
[TimeControl "240+2"]

{600MB, Fritz10.ctg} 1. b3 e5 2. Bb2 Nc6 3. g3 d5 4. Bg2 Nf6 5. e3 Bg4 6. Ne2
h5 7. h3 Be6 8. d3 Qd7 9. Nd2 O-O-O 10. a3 d4 11. e4 g5 12. Nf3 g4 13. hxg4
Bxg4 14. Nh4 Kb8 15. Bc1 Bh6 16. Bxh6 Rxh6 17. Qd2 Rhh8 18. Nf3 Ne8 19. Nh2 Nd6
20. f3 Be6 21. f4 f6 22. fxe5 fxe5 23. O-O Bg4 24. Rf2 Rdg8 25. Raf1 neèitelné 1/2-1/2

[Event "K11"]
[Site "?"]
[Date "2021.08.03"]
[Round "5"]
[White "Gubin, Michail"]
[Black "Reichmann, Steffen"]
[Result "1-0"]
[ECO "B25"]
[WhiteElo "1847"]
[BlackElo "1957"]
[Annotator ",martin-koller@seznam"]
[PlyCount "80"]
[TimeControl "240+2"]

{600MB, Fritz10.ctg} 1. f4 g6 2. Nf3 Bg7 3. g3 Nf6 4. Bg2 c5 5. d3 O-O 6. e4 d6
7. O-O Nc6 8. Nc3 Rb8 9. h3 b5 10. g4 b4 11. Ne2 e6 12. Ng3 Ne8 13. Rb1 Nd4 14.
Be3 Nxf3+ 15. Qxf3 Bb7 16. Qe2 f5 17. exf5 exf5 18. gxf5 gxf5 19. Nh5 Rf7 20.
Bxb7 Rbxb7 21. Nxg7 Rxg7+ 22. Kh2 Qh4 23. Rg1 Nf6 24. Qf3 Ng4+ 25. Kh1 Kh8 26.
Rbe1 Rbe7 27. Bd2 h5 28. Rxe7 Rxe7 29. Kg2 Nf6 30. Kf1 d5 31. Rg5 Rg7 32. Rxg7
Kxg7 33. Be1 Ng4 34. Bxh4 Nh2+ 35. Kf2 Nxf3 36. Kxf3 Kf7 37. Bf2 d4 38. Kg3 Kg6
39. Be1 a5 40. c3 bxc3 1-0

[Event "K11"]
[Site "?"]
[Date "2021.08.03"]
[Round "5"]
[White "Thomassson, Staffan"]
[Black "Spindler, Markus"]
[Result "1-0"]
[ECO "A10"]
[WhiteElo "1881"]
[BlackElo "1940"]
[Annotator ",martin-koller@seznam"]
[PlyCount "103"]
[TimeControl "240+2"]

{600MB, Fritz10.ctg} 1. c4 e6 2. g3 f5 3. Bg2 Nf6 4. e3 d5 5. b3 Bd6 6. Nc3 c6
7. d4 O-O 8. Nge2 Qe8 9. O-O Nbd7 10. Bb2 b6 11. Re1 Bb7 12. Rc1 Rb8 13. Nf4
Ne4 14. f3 Nxc3 15. Bxc3 Nf6 16. Nd3 Rc8 17. c5 Bc7 18. a4 g5 19. e4 f4 20.
exd5 Nxd5 21. Bd2 fxg3 22. Bh3 gxh2+ 23. Kh1 Qg6 24. Bxe6+ Kh8 25. Bxc8 Bxc8
26. Ne5 Qf5 27. Qc2 Qf6 28. Qe4 Bf5 29. Qe2 Kg8 30. Qxh2 Bg6 31. Qg3 h6 32.
cxb6 axb6 33. Rxc6 Bxe5 34. Rxf6 Bxg3 35. Rxg6+ Kh7 36. Ree6 Rxf3 37. Rxh6+ Kg7
38. Bxg5 Rxb3 39. Rh3 Kf7 40. Re2 Kg6 41. Bd2 Rb1+ 42. Kg2 Bc7 43. Rh6+ Kg7 44.
Rh5 Nf4+ 45. Bxf4 Bxf4 46. Rb5 Ra1 47. Rb4 Ra3 48. Re6 Bd2 49. Rc4 Ba5 50. Rc7+
Kf8 51. Rd6 Ke8 52. Rh6 1-0

[Event "K11"]
[Site "?"]
[Date "2021.08.03"]
[Round "5"]
[White "Schoenmakers, Nico"]
[Black "Becvar, Pavel"]
[Result "1-0"]
[ECO "C80"]
[WhiteElo "1822"]
[BlackElo "1679"]
[Annotator ",martin-koller@seznam"]
[PlyCount "119"]
[TimeControl "240+2"]

{600MB, Fritz10.ctg} 1. e4 e5 2. Nf3 Nc6 3. Bb5 a6 4. Ba4 Nf6 5. O-O Nxe4 6. d3
Nc5 7. Bxc6 dxc6 8. Nxe5 Bd6 9. d4 Ne6 10. f4 O-O 11. c3 Bxe5 12. dxe5 Qh4 13.
Qe1 Qxe1 14. Rxe1 Rd8 15. Be3 Nf8 16. Nd2 Be6 17. Nf3 Bd5 18. Nd4 Ne6 19. b3
Nxd4 20. Bxd4 Rd7 21. Bf2 Re8 22. Bh4 Be6 23. Rad1 Rd5 24. c4 Ra5 25. Rd2 b5
26. c5 Bd5 27. Bf2 b4 28. h3 Rb5 29. Red1 a5 30. Re1 h6 31. Rc1 Ra8 32. Be1 a4
33. Rd4 axb3 34. axb3 Ra2 35. Bd2 Bxb3 36. Bxb4 Bd5 37. g4 Rg2+ 38. Kf1 Rh2 39.
Rc3 Rb2 40. Ba3 Ra2 41. Rd1 Bb3 42. Rd8+ Kh7 43. Bc1 Bd5 44. Ke1 Rb1 45. Rd7
Bf3 46. Rd2 Raa1 47. Rxf3 Rxc1+ 48. Kf2 Rxc5 49. Re2 Ra8 50. f5 Re8 51. e6 f6
52. Rd3 Rd5 53. Rc3 c5 54. Rec2 g6 55. Rxc5 Rd3 56. Rxc7+ Kg8 57. Rc8 Kf8 58.
Rxe8+ Kxe8 59. Rc8+ Ke7 60. fxg6 1-0

[Event "K11"]
[Site "?"]
[Date "2021.08.03"]
[Round "5"]
[White "Nelson, Wayne"]
[Black "Hozda, Max"]
[Result "0-1"]
[ECO "D02"]
[WhiteElo "1929"]
[BlackElo "1701"]
[Annotator ",martin-koller@seznam"]
[PlyCount "152"]
[TimeControl "240+2"]

{600MB, Fritz10.ctg} 1. d4 d5 2. Nf3 Nf6 3. Bf4 e6 4. e3 c5 5. c3 Nc6 6. Bd3
Bd6 7. Bg5 h6 8. Bh4 cxd4 9. exd4 Rb8 10. Nbd2 b5 11. a3 a5 12. O-O O-O 13. Re1
Be7 14. Ne5 Nxe5 15. Rxe5 Nd7 16. Bxe7 Qxe7 17. Re1 b4 18. axb4 axb4 19. c4
dxc4 20. Bxc4 Nb6 21. Bb3 Bb7 22. Nc4 Qg5 23. f3 Nxc4 24. Bxc4 Rfd8 25. Qd3 Qf4
26. Rad1 Rd6 27. Qd2 Qxd2 28. Rxd2 Rbd8 29. Red1 Bd5 30. Bxd5 Rxd5 31. Kf2 Kf8
32. Ke3 Ke7 33. f4 f6 34. Ra1 e5 35. Ra7+ Kf8 36. fxe5 fxe5 37. Rf2+ Kg8 38.
Rff7 exd4+ 39. Kd3 Rg5 40. g3 Re8 41. Kxd4 Re2 42. b3 Rxh2 43. Rf3 Rg4+ 44. Kc5
Rc2+ 45. Kb5 Rc3 46. Ra8+ Kh7 47. Rxc3 bxc3 48. Rc8 Rxg3 49. b4 h5 50. Kc6 c2
51. Kd5 Rg2 52. Ke4 Rg4+ 53. Kf3 Rxb4 54. Rxc2 h4 55. Kg2 g5 56. Rc6 Rf4 57.
Kh3 Kg7 58. Ra6 Rf6 59. Ra8 Kg6 60. Rg8+ Kf5 61. Ra8 Kf4 62. Ra4+ Kf5 63. Ra5+
Kg6 64. Ra4 Rf3+ 65. Kg2 Rf4 66. Ra3 Kh5 67. Kh3 Rf2 68. Ra5 Rf3+ 69. Kg2 Rg3+
70. Kh2 Re3 71. Ra4 Re2+ 72. Kg1 h3 73. Ra5 Kh4 74. Kh1 g4 75. Ra3 Re1+ 76. Kh2
g3+ 0-1

[Event "M11"]
[Site "?"]
[Date "2021.08.04"]
[Round "6"]
[White "Wust, Klaus"]
[Black "Hartwig, Maik"]
[Result "1/2-1/2"]
[ECO "B07"]
[WhiteElo "1999"]
[BlackElo "2099"]
[Annotator ",martin-koller@seznam"]
[PlyCount "57"]
[TimeControl "240+2"]

{600MB, Fritz10.ctg} 1. e4 g6 2. d4 Bg7 3. Nf3 d6 4. c3 Nf6 5. Bd3 O-O 6. O-O
Bg4 7. Nbd2 Nbd7 8. h3 Bxf3 9. Nxf3 e5 10. Re1 h6 11. Be3 Qe7 12. dxe5 dxe5 13.
b4 c5 14. a3 Rac8 15. Rc1 b6 16. Qe2 Nh5 17. g3 Qe6 18. Kg2 c4 19. Bc2 Qc6 20.
Rcd1 Nhf6 21. Qd2 Kh7 22. Qd6 Qxd6 23. Rxd6 Rfe8 24. Ba4 Re7 25. Red1 Rc7 26.
Bc2 Ne8 27. R6d2 Nf8 28. a4 Red7 29. Kf1 1/2-1/2

[Event "M11"]
[Site "?"]
[Date "2021.08.04"]
[Round "6"]
[White "Vesely, Jaromir"]
[Black "Hentzgen, Thomas"]
[Result "0-1"]
[ECO "C02"]
[WhiteElo "1947"]
[BlackElo "2024"]
[Annotator ",martin-koller@seznam"]
[PlyCount "64"]
[TimeControl "240+2"]

{600MB, Fritz10.ctg} 1. d4 e6 2. e4 d5 3. e5 c5 4. c3 Qb6 5. Nf3 Nc6 6. Bd3 Bd7
7. O-O cxd4 8. cxd4 Nxd4 9. Nxd4 Qxd4 10. Nc3 Bb4 11. Nb5 Qxe5 12. Qg4 Ba5 13.
Bf4 h5 14. Qf3 Qf6 15. Nd6+ Kf8 16. Qe3 Bb6 17. Qe5 Ne7 18. Nxb7 Qxe5 19. Bxe5
f6 20. Bd6 g5 21. a4 Kf7 22. b4 Nc6 23. a5 Bd4 24. Ra2 Ne5 25. Be2 Nc4 26. Bc5
Be5 27. Bxc4 dxc4 28. Nd6+ Bxd6 29. Bxd6 a6 30. f4 g4 31. Rc2 Bb5 32. Rd1 Ba4
0-1

[Event "M11"]
[Site "?"]
[Date "2021.08.04"]
[Round "6"]
[White "Hansch, Karsten"]
[Black "Hurtak, Otto"]
[Result "1-0"]
[ECO "B22"]
[WhiteElo "2300"]
[BlackElo "2033"]
[Annotator ",martin-koller@seznam"]
[PlyCount "101"]
[TimeControl "240+2"]

{600MB, Fritz10.ctg} 1. e4 c5 2. Nf3 g6 3. c3 d5 4. exd5 Qxd5 5. d4 Nc6 6. Be3
cxd4 7. cxd4 Bg7 8. Nc3 Qd8 9. Rc1 e6 10. Bc4 Nge7 11. O-O O-O 12. Qd2 a6 13.
a4 Qa5 14. Bh6 Rd8 15. Bxg7 Kxg7 16. Rfd1 Bd7 17. Qf4 Qf5 18. Qxf5 Nxf5 19. d5
exd5 20. Bxd5 Nfe7 21. Be4 Bf5 22. Kf1 Kf8 23. h3 Rxd1+ 24. Rxd1 Rd8 25. Rxd8+
Nxd8 26. Ke2 Ndc6 27. Kd3 h6 28. Kc4 Ke8 29. Bxc6+ Nxc6 30. Nd4 Nxd4 31. Kxd4
Kd7 32. Kc5 Be6 33. h4 g5 34. hxg5 hxg5 35. a5 f5 36. g3 f4 37. Kb6 fxg3 38.
fxg3 Kc8 39. Ne4 Bd5 40. Nxg5 Kd7 41. Kc5 Bg8 42. Ne4 Ke7 43. g4 Be6 44. g5 Bf7
45. Nd6 Bh5 46. b4 Bg6 47. Nc4 Be4 48. Ne5 Kd8 49. Kd6 Ke8 50. Kc7 Ke7 51. Nd7
1-0

[Event "M11"]
[Site "?"]
[Date "2021.08.04"]
[Round "6"]
[White "Hansch, Stephan"]
[Black "Prieb, Robert"]
[Result "1-0"]
[ECO "D97"]
[WhiteElo "2149"]
[BlackElo "2040"]
[Annotator ",martin-koller@seznam"]
[PlyCount "119"]
[TimeControl "240+2"]

{600MB, Fritz10.ctg} 1. d4 Nf6 2. c4 g6 3. Nc3 d5 4. Nf3 Bg7 5. Qb3 dxc4 6.
Qxc4 O-O 7. e4 a6 8. Be2 b5 9. Qb3 Bb7 10. e5 Nd5 11. O-O Nb6 12. Be3 N8d7 13.
e6 fxe6 14. Ng5 Bd5 15. Nxd5 exd5 16. Ne6 Qc8 17. Nxf8 Qxf8 18. Rac1 Nc4 19.
Bxc4 dxc4 20. Qc2 Nb6 21. b3 Rd8 22. Qe4 Rd6 23. bxc4 Nxc4 24. d5 Qd8 25. Bf4
Rxd5 26. Qe6+ Kh8 27. Bxc7 Qd7 28. Qxd7 Rxd7 29. Bf4 e5 30. Rfd1 Rf7 31. Rd8+
Rf8 32. Rxf8+ Bxf8 33. Be3 Kg7 34. Kf1 Kf6 35. Ke2 Ke6 36. Rd1 Bd6 37. Kf3 Kf5
38. g4+ Ke6 39. h4 Be7 40. Bg5 Bd6 41. Ke4 Bc7 42. f3 Nd6+ 43. Kd3 Bb6 44. Rh1
Nf7 45. Be3 Bxe3 46. Kxe3 Nd6 47. Kd3 Kd5 48. Kc3 a5 49. Rd1+ Kc5 50. f4 Nc4
51. Rd7 exf4 52. Rxh7 f3 53. Kd3 Ne5+ 54. Ke3 Nxg4+ 55. Kxf3 Ne5+ 56. Ke4 Nc4
57. Rg7 Nd6+ 58. Kd3 Nf5 59. Rxg6 Nxh4 60. Rg5+ 1-0

[Event "M11"]
[Site "?"]
[Date "2021.08.04"]
[Round "6"]
[White "Hanl, Frantisek"]
[Black "Hansch, Torsten"]
[Result "1-0"]
[ECO "B99"]
[WhiteElo "2155"]
[BlackElo "2096"]
[Annotator ",martin-koller@seznam"]
[PlyCount "105"]
[TimeControl "240+2"]

{600MB, Fritz10.ctg} 1. e4 c5 2. Nf3 d6 3. d4 cxd4 4. Nxd4 Nf6 5. Nc3 a6 6. Bg5
e6 7. f4 Be7 8. Qf3 Qc7 9. O-O-O Nbd7 10. g4 h6 11. h4 Nb6 12. Bxf6 Bxf6 13. g5
Bxd4 14. Rxd4 Qc5 15. Rd1 Bd7 16. Bh3 O-O-O 17. Qd3 hxg5 18. hxg5 Bc6 19. g6 f5
20. Rhe1 Nc4 21. Kb1 Kb8 22. exf5 exf5 23. Bxf5 Rhf8 24. Be6 Rxf4 25. Nd5 Bxd5
26. Bxd5 Ne5 27. Qb3 Qb4 28. Qxb4 Rxb4 29. c3 Rg4 30. Bxb7 Kxb7 31. Rxe5 Rxg6
32. Red5 Kc6 33. c4 Rh8 34. Ra5 Kb7 35. a3 Rh2 36. Rd3 Rh4 37. Rb3+ Kc7 38.
Rxa6 Rxc4 39. Ka2 Rg2 40. Rf3 Rcc2 41. Rf7+ Kb8 42. Rb6+ Kc8 43. a4 Rc7 44.
Rf8+ Kd7 45. a5 Rg5 46. a6 Ke7 47. Rfb8 Kd7 48. Kb3 Rg3+ 49. Ka4 Rg4+ 50. b4
Rg1 51. R8b7 d5 52. Kb5 d4 53. a7 1-0

[Event "M11"]
[Site "?"]
[Date "2021.08.04"]
[Round "6"]
[White "Becvar, Pavel"]
[Black "Hapke, Ralf"]
[Result "1/2-1/2"]
[ECO "B01"]
[WhiteElo "1679"]
[BlackElo "1809"]
[Annotator ",martin-koller@seznam"]
[PlyCount "31"]
[TimeControl "240+2"]

{600MB, Fritz10.ctg} 1. e4 d5 2. exd5 Nf6 3. d4 Bg4 4. Be2 Bxe2 5. Qxe2 Qxd5 6.
Nf3 e6 7. Nc3 Bb4 8. Bd2 Bxc3 9. Bxc3 Nc6 10. O-O O-O 11. Rfe1 Qh5 12. Rad1
Rfe8 13. Qc4 Qd5 14. Qxd5 Nxd5 15. Bd2 Rad8 16. c3 1/2-1/2

[Event "K11"]
[Site "?"]
[Date "2021.08.04"]
[Round "6"]
[White "Hozda, Max"]
[Black "Schimmer, Michael"]
[Result "1-0"]
[ECO "E51"]
[WhiteElo "1701"]
[BlackElo "1798"]
[Annotator ",martin-koller@seznam"]
[PlyCount "59"]
[TimeControl "240+2"]

{600MB, Fritz10.ctg} 1. d4 Nf6 2. c4 e6 3. Nc3 Bb4 4. e3 O-O 5. Nf3 d5 6. a3
Be7 7. cxd5 exd5 8. h3 c6 9. Bd3 Nbd7 10. O-O Re8 11. b4 Bf8 12. b5 Ne4 13. Qc2
Ndf6 14. bxc6 bxc6 15. Nd2 Nxc3 16. Qxc3 Bb7 17. a4 Rc8 18. Ba3 Rc7 19. Rfc1
Nd7 20. Bxf8 Rxf8 21. Nb3 Qg5 22. Nc5 Nxc5 23. Qxc5 Bc8 24. Kf1 Re8 25. Qd6 Qe7
26. Rxc6 Rxc6 27. Qxc6 Bb7 28. Qb5 Ba8 29. Rc1 Qa3 30. Qxe8+ 1-0